 Dungeon Crawl Stone Soup version 0.17-a0-1711-gc5340a3 (webtiles) character file.

332 kae the Firebug (level 6, -7/32 HPs)
             Began as a Tengu Fire Elementalist on Aug 22, 2015.
             Mangled by an iguana (12 damage)
             ... on level 5 of the Dungeon.
             The game lasted 00:05:09 (5345 turns).

kae the Firebug (Tengu Fire Elementalist)           Turns: 5345, Time: 00:05:09

Health: -7/32      AC:  4    Str:  5 (9)  XL:     6   Next: 52%
Magic:  2/10       EV: 12    Int: 17      God:
Gold:   76         SH:  0    Dex: 14      Spells: 3 memorised, 3 levels left

rFire  . . .     SeeInvis .     l - +0 mace (holy)
rCold  . . .     Clarity  .     a - +0 robe
rNeg   . . .     SustAt   .     (no shield)
rPois  .         Gourm    .     (helmet restricted)
rElec  .         Spirit   .     n - +1 cloak
rCorr  .         Warding  .     (no gloves)
rMut   .         Stasis   .     (boots unavailable)
MR     .....                    (no amulet)
Stlth  ++........               (no ring)
                                (no ring)

@: not resistant to hostile enchantments, unstealthy
A: beak, talons 3, able to fly 1
a: Fly


You were on level 5 of the Dungeon.
You were near starving.

You visited 2 branches of the dungeon, and saw 6 of its levels.

You collected 220 gold pieces.
You spent 144 gold pieces at shops.

Inventory:

Hand weapons
 l - a +0 mace of holy wrath (weapon)
Armour
 a - a +0 robe (worn)
 n - a +1 cloak (worn)
Jewellery
 t - an uncursed amulet of faith {unknown}
Magical devices
 q - a wand of frost (19)
Scrolls
 o - 2 scrolls of remove curse
Potions
 d - 2 potions of degeneration
 e - a potion of invisibility {unknown}
 g - 2 potions of curing
 h - 2 potions of flight
 i - a potion of might {unknown}
 r - 2 potions of haste
Books
 b - a book of Flames

   Spells                             Type                      Level
   a - Flame Tongue                   Conjuration/Fire             1
   b - Throw Flame                    Conjuration/Fire             2
   c - Conjure Flame                  Conjuration/Fire             3
   d - Inner Flame                    Hexes/Fire                   3
   e - Sticky Flame                   Conjuration/Fire             4
   f - Fireball                       Conjuration/Fire             5
Comestibles
 c - 5 bread rations
 f - 2 beef jerkies
 j - 3 fruits
 u - 2 meat rations


   Skills:
 - Level 2.1 Dodging
 - Level 2.0 Stealth
 - Level 2.0 Spellcasting
 - Level 1.3 Conjurations
 + Level 7.8 Fire Magic


You had 3 spell levels left.
You knew the following spells:

 Your Spells              Type           Power        Failure   Level  Hunger
a - Flame Tongue          Conj/Fire      ###..        2%          1    #......
b - Throw Flame           Conj/Fire      ###...       4%          2    ###....
c - Conjure Flame         Conj/Fire      ###.....     10%         3    ###....


Dungeon Overview and Level Annotations

Branches:
Dungeon (5/15)             Temple (1/1) D:4

Altars:
Cheibriados
Dithmenos
Elyvilon
Gozag
Makhleb
Okawaru
Qazlal
Ru
Sif Muna
Xom
Zin

Shops:
D:4 *


Innate Abilities, Weirdness & Mutations

You have a beak for a mouth.
You have claws for feet.
You can fly.


Message History

The crimson imp blinks!
The iguana hisses menacingly.
The iguana misses you.
Casting: Flame Tongue
Confirm with . or Enter, or press ? or * to list all spells.
Aiming: Flame Tongue
Press: ? - help, Shift-Dir - straight line, f/p - iguana
Aim: an iguana (almost dead)
The flame tongue misses the iguana.
The crimson imp hits you but does no damage.
The iguana bites you!
* * * LOW HITPOINT WARNING * * *
Casting: Flame Tongue
Confirm with . or Enter, or press ? or * to list all spells.
Aiming: Flame Tongue
Press: ? - help, Shift-Dir - straight line, f/p - iguana
Aim: an iguana (almost dead)
The flame tongue misses the iguana.
The crimson imp barely misses you. The iguana bites you!
You die...

#..####
#......
#..... #....
#....
##....##
##......##
#.....l@.##
....###5..##
. ###..#
##.## #..#
#.<# ##.#
#..# #..#


You could see an iguana and a crimson imp.

Vanquished Creatures
  A crimson imp (D:3)
  A hound (D:3)
  2 orc wizards
  A worker ant (D:4)
  A hound skeleton (D:4)
  A gnoll (D:2)
  6 adders
  2 oozes
  2 worms
  A giant gecko (D:3)
  7 orcs
  A ball python (D:3)
  5 giant cockroaches
  8 hobgoblins
  9 jackals
  A quokka (D:2)
  4 bats
  4 giant newts
  9 goblins
  9 kobolds
  9 rats
84 creatures vanquished.

Notes
Turn   | Place    | Note
--------------------------------------------------------------
     0 | D:1      | kae the Tengu Fire Elementalist began the quest for the Orb.
     0 | D:1      | Reached XP level 1. HP: 10/10 MP: 4/4
    84 | D:1      | Reached XP level 2. HP: 13/15 MP: 0/6
   174 | D:1      | Reached skill level 4 in Fire Magic
  1175 | D:2      | Found a glowing silver altar of Zin.
  1186 | D:2      | Reached XP level 3. HP: 19/19 MP: 3/7
  1342 | D:2      | Reached skill level 5 in Fire Magic
  1714 | D:2      | Reached XP level 4. HP: 24/24 MP: 4/8
  2551 | D:3      | Reached skill level 6 in Fire Magic
  2551 | D:3      | Gained mutation: You can fly. [Tengu growth]
  2551 | D:3      | Reached XP level 5. HP: 5/28 MP: 4/9
  2836 | D:3      | Found a shadowy altar of Dithmenos.
  3071 | D:3      | Reached skill level 7 in Fire Magic
  3153 | D:3      | Learned a level 2 spell: Throw Flame
  3157 | D:3      | Learned a level 3 spell: Conjure Flame
  3279 | D:3      | Reached XP level 6. HP: 25/32 MP: 2/10
  3903 | D:4      | Found a staircase to the Ecumenical Temple.
  3925 | Temple   | Entered the Ecumenical Temple
  4239 | D:4      | Found Duasaaj's Assorted Antiques.
  4295 | D:4      | Bought a cyan potion for 23 gold pieces
  4295 | D:4      | Bought 2 sedimented cyan potions for 46 gold pieces
  4295 | D:4      | Bought a green potion for 23 gold pieces
  4295 | D:4      | Bought a scroll of identify for 52 gold pieces
  4664 | D:4      | Found a deep blue altar of Sif Muna.
  5327 | D:5      | Entered Level 5 of the Dungeon
  5345 | D:5      | Mangled by an iguana

Vault maps used:
D:1:      dpeg_arrival_simpleton_c
D:2:      lemuel_doored_altar, hangedman_decor_diamond_cutter, hex_large
D:3:      nicolae_dithmenos_shadow_blocks
D:4:      nicolae_overflow_crystal_walls, minmay_temple_entry_junction,
          serial_shops, kennysheep_little_box
D:5:      overflow_temple_1_default, ashenzari_altar_1, first_bread,
          uniq_sigmund
Temple:   jpeg_temple_alley_garden_8

Action                   |  1- 3 |  4- 6 || total
-------------------------+-------+-------++-------
Melee: Unarmed           |    29 |       ||    29
       Mace              |    15 |    97 ||   112
 Cast: Flame Tongue      |    42 |    69 ||   111
       Throw Flame       |       |     3 ||     3
  Use: Scroll            |       |     7 ||     7
       Potion            |       |     6 ||     6
 Stab: Sleeping          |     2 |     7 ||     9
  Eat: Chunk             |     3 |     8 ||    11
       Fruit             |       |     2 ||     2
       Pizza             |       |     1 ||     1
